 Dungeon Crawl Stone Soup version 0.31-a0-229-g1fc7ce93e2 (webtiles) character file.

Game seed: 5851751060795538371

203 qw the Shooter (level 5, -2/45 HPs)
             Began as a Minotaur Hexslinger on July 6, 2023.
             Slain by a sky beast (5 damage)
             ... on level 4 of the Dungeon.
             The game lasted 00:01:05 (2496 turns).

qw the Shooter (Minotaur Hexslinger)                Turns: 2496, Time: 00:01:05

Health: -2/45      AC: 13    Str: 12    XL:     5   Next: 51%
Magic:  5/5        EV: 11    Int: 10    God:
Gold:   185        SH:  0    Dex: 15    Spells: 5/6 levels left

rFire   + . .        Y - +1 sling
rCold   . . .        (no shield)
rNeg    + . .        a - +8 ring mail of the Impish God {rF+ rN+}
rPois   .            (helmet restricted)
rElec   .            (no cloak)
rCorr   .            (no gloves)
SInv    .            (no boots)
Will    .....        g - amulet of regeneration
Stlth   +            (no ring)
HPRegen 1.07/turn    (no ring)
MPRegen 0.09/turn

%: no passive effects
@: no status effects
A: horns 2, retaliatory headbutt
a: no special abilities


You were on level 4 of the Dungeon.
You visited 1 branch of the dungeon, and saw 4 of its levels.

You collected 185 gold pieces.


Innate Abilities, Weirdness & Mutations

You have a pair of horns on your head.
You reflexively headbutt those who attack you in melee.


   Skills:
 - Level 3.0 Fighting
 + Level 5.7 Ranged Weapons
 - Level 1.0 Armour
 - Level 2.1 Dodging
 - Level 1.0 Spellcasting
 - Level 2.0 Hexes


You had 5 spell levels left.
You knew the following spells:

 Your Spells              Type           Power      Damage    Failure   Level
a - Slow                  Hex            16%        N/A       34%         1

Your spell library contained the following spells:

 Spells                   Type           Power      Damage    Failure   Level
 Inner Flame              Hex/Fire       2%         N/A       83%         3
 Portal Projectile        Hex/Tloc       4%         N/A       83%         3
 Cause Fear               Hex            2%         N/A       98%         4

Inventory:

Hand Weapons
 Y - a +1 sling (weapon)
Armour
 a - the +8 ring mail of the Impish God (worn) {rF+ rN+}
   (You acquired it on level 1 of the Dungeon)

   rF:        It protects you from fire.
   rN:        It protects you from negative energy.
 b - the scarf "Ofoicoj" {harm, +Inv rElec Dex+2}
   (You found it on level 3 of the Dungeon)

   Dex:       It affects your dexterity (+2).
   rElec:     It insulates you from electricity.
   +Inv:      It lets you turn invisible.
Jewellery
 g - an amulet of regeneration (around neck)
Scrolls
 d - a scroll of identify
 f - a scroll of vulnerability {unknown}
 k - a scroll of enchant armour
 l - a scroll of revelation {unknown}
Potions
 c - 2 potions of degeneration {unknown}
 e - a potion of heal wounds {unknown}
 i - a potion of attraction {unknown}
 j - a potion of brilliance {unknown}

Dungeon Overview and Level Annotations

Branches:
Dungeon (4/15)
 Temple: D:4-7

Altars:
Cheibriados
Qazlal
Yredelemnul

Shops:
D:1 ((:(=

Annotations:
D:4 Sigmund


Message History

The adder bites you but does no damage. The quokka closely misses you.
A sky beast appears from thin air!
Reactivating autopickup.
The sky beast hits you but does no damage.
The adder barely misses you.
The quokka bites you but does no damage.
The sky beast flickers out of sight!
Deactivating autopickup; reactivate with Ctrl-A.
Something hits you but does no damage.
You shoot a sling bullet.
The sling bullet closely misses the adder.
The adder barely misses you. The quokka misses you.
Something hits you but does no damage. The adder bites you but does no damage.
You shoot a sling bullet.
The sling bullet barely misses the adder.
The quokka barely misses you. You furiously retaliate!
You headbutt the quokka!
You kill the quokka!
The adder bites you but does no damage. Something hits you but does no damage.
You shoot a sling bullet. The sling bullet hits the adder.
The adder is heavily wounded.
The adder misses you. You furiously retaliate!
You headbutt the adder!
You kill the adder!
Something hits you. Something shocks you.
You shoot a sling bullet. Something hits you but does no damage.
You shoot a sling bullet. Something hits you. Something shocks you.
Something hits you but does no damage.
You shoot a sling bullet.
A sky beast appears from thin air!
Reactivating autopickup.
The sky beast hits you but does no damage.
You shoot a sling bullet. The sling bullet misses the sky beast.
The sky beast hits you but does no damage.
You shoot a sling bullet. The sling bullet hits the sky beast.
The sky beast is lightly wounded.
The sky beast closely misses you.
You shoot a sling bullet. The sling bullet hits the sky beast!
The sky beast is moderately wounded.
The sky beast hits you. The sky beast shocks you.
You die...

# # .### .#
####..# .###
#..........#
.#. ..#.#....#
.....#..%#...#
#...#..@..#
#.#....Y.......
#...#.....#..##
.....#...#...#
# ...!#.#.....)
#.............
........... ..)
#.
..............#
.


You could see a sky beast.

Vanquished Creatures
  A scorpion (D:3)
  A gnoll (D:1)
  7 adders
  A worm (D:2)
  2 dart slugs (D:3)
  5 orcs (D:3)
  9 bats
  An endoplasm (D:4)
  A giant cockroach (D:3)
  7 goblins
  6 hobgoblins
  3 kobolds
  4 quokkas
  6 ball pythons
  4 frilled lizards
  5 rats
63 creatures vanquished.

Notes
Turn   | Place    | Note
-------+----------+-------------------------------------------
     0 | D:1      | qw the Minotaur Hexslinger began the quest for the Orb.
     0 | D:1      | Reached XP level 1. HP: 16/16 MP: 1/1
     0 | D:1      | 0 ||| qw: Version: 0.3-a-46-gb1f654a
     0 | D:1      | 0 ||| qw: Game counter: 1431
     0 | D:1      | 0 ||| qw: Melee chars always use a shield: true
     0 | D:1      | 0 ||| qw: God list: Okawaru
     0 | D:1      | 0 ||| qw: Allow faded altars: false
     0 | D:1      | 0 ||| qw: Do Orc after clearing Dungeon:15 true
     0 | D:1      | 0 ||| qw: Do second Lair branch before Depths: true
     0 | D:1      | 0 ||| qw: Lair rune preference: random
     0 | D:1      | 0 ||| qw: Goals: Normal
     0 | D:1      | 0 ||| PLANNING D:1-11
    19 | D:1      | Found Xasorph's Jewellery Shop.
    27 | D:1      | 27 ||| SHOPLISTING +6 ring of dexterity (468 gold, have 0).
    27 | D:1      | 27 ||| SHOPLISTING amulet of faith (520 gold, have 0).
    27 | D:1      | 27 ||| SHOPLISTING amulet of reflection (390 gold, have 0).
    27 | D:1      | 27 ||| SHOPLISTING ring "Vuopeiwa" {rElec rF+ Str+6 Stlth-}
                  | (722 gold, have 0).
    27 | D:1      | 27 ||| SHOPLISTING ring of poison resistance (260 gold,
                  | have 0).
    27 | D:1      | 27 ||| SHOPLISTING ring of positive energy (260 gold, have
                  | 0).
    27 | D:1      | 27 ||| SHOPLISTING ring of see invisible (195 gold, have
                  | 0).
    27 | D:1      | 27 ||| SHOPLISTING ring of the Tortoise {AC+8} (1664 gold,
                  | have 0).
    81 | D:1      | Found Biskajay's Antique Weapon Shop.
   147 | D:1      | Found Zerghu Xesid's Book Shop.
   163 | D:1      | Reached skill level 3 in Ranged Weapons
   164 | D:1      | Found Samoichid's Weapon Boutique.
   205 | D:1      | Reached XP level 2. HP: 20/23 MP: 2/2
   629 | D:1      | Found Hexeziagh's Antique Weapon Boutique.
   665 | D:1      | 665 ||| UPGRADING to +0 ring mail.
   675 | D:1      | 675 ||| DROPPING +0 robe.
   676 | D:1      | 676 ||| UPGRADING to amulet of regeneration.
   681 | D:1      | 681 ||| READING scroll labelled YFESOU ILEPOZI.
   682 | D:1      | 682 ||| READING scroll labelled QYHIFU WOQAETUISY.
   682 | D:1      | Identified a scroll of acquirement
   682 | D:1      | 682 ||| ACQUIRING +8 ring mail of the Impish God {rF+ rN+}
   682 | D:1      | Acquired the +8 ring mail of the Impish God {rF+ rN+}
   684 | D:1      | 684 ||| UPGRADING to +8 ring mail of the Impish God {rF+
                  | rN+}.
   694 | D:1      | 694 ||| DROPPING +0 ring mail.
   695 | D:1      | 695 ||| READING scroll labelled NECUVE XABBAQ.
   696 | D:1      | 696 ||| DROPPING scroll of poison.
   758 | D:2      | Reached XP level 3. HP: 30/30 MP: 3/3
  1032 | D:2      | Found a faded altar of an unknown god.
  1036 | D:2      | Reached skill level 4 in Ranged Weapons
  1243 | D:2      | Reached skill level 1 in Armour
  1484 | D:2      | 1484 ||| READING scroll labelled LYITERPHO ITAFE.
  1485 | D:2      | 1485 ||| READING scroll labelled PYHOMACK KAZO.
  1486 | D:2      | 1486 ||| READING scroll labelled KYQICVE RESA.
  1487 | D:2      | 1487 ||| READING scroll labelled SUOCKIGGOO.
  1490 | D:2      | 1490 ||| READING scroll labelled RASUKKAUSO.
  1505 | D:3      | 1505 ||| STAIRDANCE
  1521 | D:3      | Reached XP level 4. HP: 37/37 MP: 4/4
  1542 | D:3      | Identified the scarf "Ofoicoj" {harm, +Inv rElec Dex+2}
  2005 | D:3      | Found a basalt altar of Yredelemnul.
  2005 | D:3      | Found a snail-covered altar of Cheibriados.
  2304 | D:3      | 2304 ||| DROPPING ring of wizardry.
  2305 | D:3      | 2305 ||| READING scroll labelled QIVOCI VAUT.
  2306 | D:3      | 2306 ||| READING scroll labelled PASSEA DADEZO.
  2323 | D:4      | Noticed a scorpion
  2324 | D:4      | 2324 ||| PLANNING SEWER
  2327 | D:4      | 2327 ||| STAIRDANCE
  2338 | D:3      | Killed a scorpion
  2339 | D:3      | Reached skill level 5 in Ranged Weapons
  2339 | D:3      | Reached XP level 5. HP: 36/42 MP: 5/5
  2433 | D:4      | Noticed Sigmund
  2436 | D:4      | 2436 ||| Stepping ~*~*~tactically~*~*~ (outnumbered).
  2442 | D:4      | Reached skill level 3 in Fighting
  2478 | D:4      | HP: 10/45 [something (7)]
  2480 | D:4      | 2480 ||| READING scroll of teleportation.
  2481 | D:4      | HP: 4/45 [Sigmund/magic dart (2)]
  2483 | D:4      | Found a stormy altar of Qazlal.
  2483 | D:4      | Noticed a sky beast
  2490 | D:4      | HP: 11/45 [something (4)]
  2490 | D:4      | HP: 5/45 [something (6)]
  2492 | D:4      | HP: 1/45 [something (6)]
  2496 | D:4      | Slain by a sky beast

Levels and vault maps discovered:
D:1:      dpeg_arrival_round_a, layout_loops_cross, serial_shops, shop_coins,
          shop, nicolae_shop_bloodbath_and_beyond, shop, nicolae_shop_trees
D:2:      layout_basic, basic_ecumenical_altar, hangedman_decor_points,
          minmay_misc_feat_x, hangedman_decor_slide_cut, minivault_14,
          chequers_serial_rivers_small_b, minmay_door_square
D:3:      layout_basic, gammafunk_temple_overflow_pools, minivault_24
D:4:      layout_loops_ring, mainiacjoe_overflow_concentric_impassable,
          nicolae_gozag_cash_rules_everything_around_me,
          nicolae_qazlal_beasts_of_the_sky, nicolae_overflow_hidden_temple,
          portal_sewer_entry_a, chequers_serial_rivers_room_b, st_stairs_8,
          kennysheep_small_circle, uniq_ijyb, uniq_sigmund,
          uniq_crazy_yiuf_cottage

Skill      XL: |  1  2  3  4  5 |
---------------+----------------+-----
Ranged Weapons | 3 4 5 |  5.7
Fighting       | 2 3 |  3.0
Armour         | 1 |  1.0
Dodging        | |  2.1
Spellcasting   | |  1.0
Hexes          | |  2.0

Action                     |  1- 3 |  4- 6 || total
---------------------------+-------+-------++-------
   Fire: Sling             |   106 |   137 ||   243
    Use: Scroll            |     8 |     3 ||    11
 Armour: Robe              |     2 |       ||     2
         Ring mail         |    34 |    69 ||   103
  Dodge: Dodged            |    44 |    42 ||    86

Table legend:
 A = Non-vault XP
 B = Vault XP
 C = Vault XP percentage of total XP
 D = Non-vault monster count
 E = Vault monster count
 F = Vault count percentage of total count
                 A         B        C        D         E       F
            +---------+---------+-------+---------+---------+-------
      Total |     205 |      86 |  29.6 |      60 |       3 |   4.8
            +---------+---------+-------+---------+---------+-------
        D:1 |      36 |       0 |   0.0 |      13 |       0 |   0.0
        D:2 |      53 |       0 |   0.0 |      18 |       0 |   0.0
        D:3 |      70 |      86 |  55.1 |      23 |       3 |  11.5
        D:4 |      46 |       0 |   0.0 |       6 |       0 |   0.0
            +---------+---------+-------+---------+---------+-------
